AoeStats
← Herby

Golden Pit

509729603Analyzed
1v1 RM · 4d ago on Sep 27, 2026· 23m 22s· 2 players
Game mode
Random Map
Map size
Tiny (2 player)
Population
200
Speed
Normal
Resources
Standard
Victory
Conquest
Starting age
Dark Age
Ending age
Imperial Age
RankedLock teamsTeams togetherTeam positionsShared explorationLock speedFull tech treeHidden civsTurbo modeCheats
Victory
Defeat
🇦🇷 Varangians · Argentina
1343
+16
🇲🇽 Romans · Mexico
1337
-16
Herby
5:03 Loom
9:46 Feudal Age
16:01 Castle Age
Dora_La_Boliviana
6:49 Loom
9:14 Feudal Age
9:43 Double-Bit Axe
13:05 Bloodlines
18:35 Scale Barding Armor
20:01 Wheelbarrow
22:25 Castle Age
21:50 Forging
Connection lost

Rejoining the realm…

Still unreachable

The connection could not be restored.

Session expired

The server has moved on; the page needs a fresh start.